 Dungeon Crawl Stone Soup version 0.30-a0-373-gd37427bb62 (webtiles) character file.

Game seed: 9806184629540672815

77 qeuew the Ruffian (level 4, -7/40 HPs)
             Began as a Ghoul Monk on Nov 25, 2022.
             Was an Initiate of Ru.
             Mangled by Ijyb
             ... wielding a +3 spectral club
              (8 damage)
             ... on level 2 of the Dungeon.
             The game lasted 00:02:26 (1966 turns).

qeuew the Ruffian (Ghoul Monk)                      Turns: 1966, Time: 00:02:26

Health: -7/40      AC:  6    Str: 14    XL:     4   Next: 34%
Magic:  3/3        EV: 13    Int:  5    God:    Ru [......]
Gold:   59         SH:  0    Dex: 13    Spells: 3/3 levels left

rFire   . . .      SeeInvis .      - Unarmed
rCold   + . .      Faith    .    (no shield)
rNeg    + + +      Spirit   .    a - +0 robe
rPois   ∞          Reflect  .    (no helmet)
rElec   .          Harm     .    (no cloak)
rCorr   .          Rampage  .    (no gloves)
Will    .....                    (no boots)
Stlth   ..........               (no amulet)
HPRegen 0.00/turn                c - +4 ring of protection
MPRegen 0.08/turn                (no ring)

@: inhibited regen
A: claws 1, cold resistance 1, negative energy resistance 3, inhibited
regeneration, torment resistance 2, no stealth, devour on kill
a: Renounce Religion


You were on level 2 of the Dungeon.
You worshipped Ru.
Ru was noncommittal.
You visited 1 branch of the dungeon, and saw 2 of its levels.

You collected 59 gold pieces.

Inventory:

Armour
 a - a +0 robe (worn)
Jewellery
 c - a +4 ring of protection (left claw)
Scrolls
 e - a scroll of noise {unknown}
 f - a scroll of identify {unknown}
 g - 2 scrolls of teleportation {unknown}
Potions
 b - 2 potions of ambrosia
 d - a potion of heal wounds {unknown}
 h - a potion of cancellation {unknown}
 i - a potion of degeneration {unknown}


   Skills:
 * Level 4.0 Fighting
 + Level 1.1 Armour
 + Level 3.1 Dodging
 * Level 4.3 Unarmed Combat


You had 3 spell levels left.
You didn't know any spells.
Your spell library contained the following spells:

 Spells                   Type           Power      Damage    Failure   Level
 Tukima's Dance           Hex            0%         N/A       85%         3
 Passage of Golubria      Tloc           0%         N/A       99%         4
 Yara's Violent Unravell  Hex/Tmut       0%         3d3       100%        5
 Chain Lightning          Conj/Air       0%         N/A       100%        9
 Fire Storm               Conj/Fire      0%         5d1       100%        9
 Shatter                  Erth           0%         3d5*      100%        9


Dungeon Overview and Level Annotations

Branches:
Dungeon (2/15)

Altars:
Ru

Shops:
D:2 [

Annotations:
D:2 Ijyb


Innate Abilities, Weirdness & Mutations

You are immune to poison.
You have sharp fingernails.
Your flesh is cold resistant. (rC+)
You are immune to negative energy. (rN+++)
You do not regenerate when monsters are visible.
You are immune to unholy pain and torment.
You cannot be stealthy.
You thrive by killing the living.


Message History

You closely miss Ijyb. Your claw misses Ijyb.
Ijyb is lightly wounded.
Ijyb hits you with a +3 spectral club.
You barely miss Ijyb.
Ijyb is lightly wounded.
Ijyb hits you with a +3 spectral club.
You scratch Ijyb.
Ijyb is moderately wounded.
Ijyb hits you but does no damage.
You scratch Ijyb.
Ijyb is moderately wounded.
Ijyb hits you with a +3 spectral club.
You scratch Ijyb.
Ijyb is moderately wounded.
Ijyb hits you with a +3 spectral club.
You claw Ijyb!
Ijyb is severely wounded.
Ijyb screams, "I cut your head off!" Ijyb hits you with a +3 spectral club.
You closely miss Ijyb.
Ijyb is severely wounded.
Ijyb hits you with a +3 spectral club.
You scratch Ijyb but do no damage.
Ijyb is severely wounded.
Ijyb hits you with a +3 spectral club!
* * * LOW HITPOINT WARNING * * *
You closely miss Ijyb.
Ijyb is severely wounded.
Ijyb hits you with a +3 spectral club.
* * * LOW HITPOINT WARNING * * *
You scratch Ijyb but do no damage.
Ijyb is severely wounded.
Ijyb hits you with a +3 spectral club.
* * * LOW HITPOINT WARNING * * *
You scratch Ijyb.
Ijyb is almost dead.
You barely miss Ijyb.
Ijyb is almost dead.
Ijyb hits you with a +3 spectral club!
You die...

#.# #.# #. #.# #.# #.# #.#
#.####### ..# #.# #.###
#........ ### #<#
#...############ #.#
#.#.8.8.8.8. #.#####
#.[......).. #.....#
#........!.)
#..##.######gg.).......
#.........@ggg........( ###
#...#.#######..........##..
#...#.# #..8.8.8.8.#...
#...#.# ############...
#######...#.# #######.##
..........#.# #........#
########..#.# #.########
..........#.# #........#
#########.#.# #..#######


You could see Ijyb and 4 goblins.

Vanquished Creatures
  5 adders (D:2)
  2 dart slugs
  2 endoplasms
  A giant cockroach (D:1)
  3 goblins (D:2)
  3 hobgoblins (D:1)
  A quokka (D:1)
  2 ball pythons (D:1)
  3 bats
  2 frilled lizards
  2 kobolds (D:1)
  6 rats
32 creatures vanquished.

Notes
Turn   | Place    | Note
-------+----------+-------------------------------------------
     0 | D:1      | qeuew the Ghoul Monk began the quest for the Orb.
     0 | D:1      | Reached XP level 1. HP: 19/19 MP: 0/0
   124 | D:1      | Reached XP level 2. HP: 23/26 MP: 1/1
   863 | D:2      | Reached XP level 3. HP: 28/31 MP: 2/2
   876 | D:2      | Found Yjucw's Antique Armour Boutique.
  1320 | D:2      | Reached skill level 1 in Armour
  1431 | D:2      | Reached XP level 4. HP: 40/40 MP: 3/3
  1584 | D:2      | Found a faded altar of an unknown god.
  1596 | D:2      | Prayed at the altar of an unknown god.
  1596 | D:2      | Became a worshipper of Ru the Awakened
  1602 | D:2      | Gained mutation: You cannot be stealthy. [Ru sacrifice]
  1939 | D:2      | Noticed Ijyb
  1964 | D:2      | HP: 1/40 [Ijyb/+3 spectral club (2)]
  1966 | D:2      | Mangled by Ijyb

Illustrated notes

Levels and vault maps discovered:
D:1:      dpeg_arrival_houses_and_road, layout_basic, skrybe_limestone_x,
          amcnicky_mini_corridor_feature, hangedman_decor_points
D:2:      kennysheep_the_goblin_king, layout_basic, serial_shops,
          nicolae_shop_hallway_stairs, hellmonk_ecumenical_altar_crossroads,
          minmay_misc_feat_square, roderic_lattice_a, minmay_stone_trees_small

Skill      XL: |  1  2  3  4 |
---------------+-------------+-----
Dodging        | 3 |  3.1
Unarmed Combat | 4 |  4.3
Armour         | 1 |  1.1
Stealth        | 0 |  0.0
Fighting       | 4 |  4.0

Action                   |  1- 3 |  4- 6 || total
-------------------------+-------+-------++-------
Melee: Unarmed           |    89 |    39 ||   128
Invok: Sacrifice Stealth |       |     1 ||     1
 Stab: Sleeping          |     5 |       ||     5
       Held in net/web   |       |     1 ||     1
Armor: Robe              |    26 |    13 ||    39
Dodge: Dodged            |    35 |    11 ||    46

Table legend: (Time is in decaauts)
 A = Elapsed time spent in this place.
 B = Non-inter-level travel time spent in this place.
 C = Inter-level travel time spent in this place.
 D = Time resting spent in this place.
 E = Time spent auto-exploring this place.
 F = Levels seen in this place.
 G = Mean time per level.
                   A        B        C        D        E       F      G
               +--------+--------+--------+--------+--------+-----+--------+
         Total |   1955 |   1938 |     17 |      0 |   1668 |   2 |  977.5 |
       Dungeon |   1955 |   1938 |     17 |      0 |   1668 |   2 |  977.5 |
               +--------+--------+--------+--------+--------+-----+--------+

Top non-repeatable levels by time:
     D:2: 1115 daAuts
     D:1: 839 daAuts
